 Dungeon Crawl Stone Soup version 0.30-a0-305-g026cb31310 (webtiles) character file.

Game seed: 3170045449539844739

33539 Lobster4 the Destroyer (level 13, -11/169 HPs)
             Began as a Red Draconian Conjurer on Oct 22, 2022.
             Was an Initiate of Gozag.
             Killed from afar by a frost giant (53 damage)
             ... with a bolt of cold
             ... in an ice cave.
             The game lasted 01:18:35 (28551 turns).

Lobster4 the Destroyer (Red Draconian Conjurer)    Turns: 28551, Time: 01:18:35

Health: -11/169    AC: 26    Str: 13    XL:     13   Next: 37%
Magic:  7/26       EV:  2    Int: 24    God:    Gozag
Gold:   4732       SH:  4    Dex:  9    Spells: 16/30 levels left

rFire   + . .      SeeInvis +    a - +6 broad axe "Valoj" {vorpal, Str+2 Int+4 SInv}
rCold   . . .      Faith    .    v - +0 buckler
rNeg    . . .      Spirit   .    (body armour unavailable)
rPois   +          Reflect  .    (helmet currently unavailable)
rElec   +          Harm     .    (cloak currently unavailable)
rCorr   .          Rampage  .    (gloves currently unavailable)
Will    .....      NoTele   +    (boots currently unavailable)
Stlth   ++........               (no amulet)
HPRegen 0.48/turn                B - ring of Sothriuv {+Blink Fly rElec rF+ Str-3}
MPRegen 0.20/turn                n - ring of poison resistance

@: short of breath, tree-form
A: stationary, stasis, torment immunity, boosted hp, (breathe fire), AC +8,
unfitting armour, (fire resistance 1), (cold-blooded)
a: Renounce Religion, Evoke Blink, Potion Petition, Call Merchant, Bribe Branch


You were in an ice cave.
You worshipped Gozag.
Gozag was most pleased with you.
You were a tree.
You visited 3 branches of the dungeon, and saw 16 of its levels.
You also visited: Sewer, Bailey and Ice Cave.

You collected 5846 gold pieces.
You spent 1047 gold pieces at shops.
You paid 67 gold pieces to Gozag.

Inventory:

Hand Weapons
 a - the +6 broad axe "Valoj" (weapon) {vorpal, Str+2 Int+4 SInv}
   (You bought it in a shop on level 2 of the Orcish Mines)

   It inflicts extra damage upon your enemies.
   Str:       It affects your strength (+2).
   Int:       It affects your intelligence (+4).
   SInv:      It lets you see invisible.
 b - a +0 sling
 s - a +4 whip of draining
 D - a +0 flail of holy wrath
 K - a +2 broad axe of freezing
Missiles
 t - 12 poisoned darts (quivered)
Armour
 p - a +2 pair of gloves of stealth (melded)
 v - a +0 buckler (worn)
 y - a +2 cloak of preservation
 H - a scarf of resistance (melded)
 N - the +0 cloak of the Doldrums {rN+}
   (You found it on level 7 of the Dungeon)

   rN:        It protects you from negative energy.
 S - a +1 pair of boots (melded)
Jewellery
 j - a ring of wizardry
 n - a ring of poison resistance (right branch)
 x - a ring of see invisible
 B - the ring of Sothriuv (left branch) {+Blink Fly rElec rF+ Str-3}
   (You acquired it on level 10 of the Dungeon)

   [ring of flight]

   Str:       It affects your strength (-3).
   rF:        It protects you from fire.
   rElec:     It insulates you from electricity.
   Fly:       It grants you flight.
   +Blink:    It lets you blink.
 E - a +4 ring of protection
 G - an amulet of guardian spirit
 M - a ring of protection from cold
Wands
 z - a wand of charming (20)
 C - a wand of flame (32)
 F - a wand of polymorph (12)
 Q - a wand of mindburst (25)
 Z - a wand of roots (12)
Scrolls
 d - 8 scrolls of teleportation
 f - a scroll of magic mapping
 h - a scroll of immolation
 o - 3 scrolls of amnesia
 q - 2 scrolls of fog
 r - 2 scrolls of summoning
 u - 2 scrolls of blinking
 w - 3 scrolls of enchant weapon
 I - a scroll of fear
 T - a scroll of silence
Potions
 c - 4 potions of curing
 e - a potion of magic
 g - 6 potions of haste
 i - 5 potions of lignification
 k - 2 potions of might
 m - 2 potions of berserk rage
 A - a potion of brilliance {unknown}
 J - a potion of invisibility
 L - a potion of resistance
 R - 4 potions of cancellation


   Skills:
 - Level 10.0 Fighting
 - Level 2.0 Long Blades
 + Level 2.6(3.0) Axes
 - Level 2.0(2.6) Maces & Flails
 - Level 1.0 Throwing
 + Level 4.1 Dodging
 + Level 3.6 Stealth
 - Level 5.0 Shields
 + Level 9.2 Spellcasting
 * Level 14.3 Conjurations
 - Level 3.0 Hexes
 - Level 5.0 Translocations
 + Level 2.8 Fire Magic
 + Level 7.3 Evocations


You had 16 spell levels left.
You knew the following spells:

 Your Spells              Type           Power      Damage    Failure   Level
a - Magic Dart            Conj           100%       1d8       1%          1
b - Searing Ray           Conj           100%       2d8       1%          2
c - Dazzling Flash        Conj/Hex       100%       N/A       1%          3
d - Iskenderun's Mystic   Conj/Tloc      55%        2d12      1%          4
e - Fulminant Prism       Conj/Hex       25%        3d14      1%          4

Your spell library contained the following spells:

 Spells                   Type           Power      Damage    Failure   Level
 Slow                     Hex            100%       N/A       2%          1
 Gell's Gravitas          Tloc           35%        N/A       2%          3
 Teleport Other           Tloc           35%        N/A       2%          3
 Confusing Touch          Hex            25%        N/A       6%          3
 Frozen Ramparts          Ice            22%        1d4       22%         3
 Ozocubu's Armour         Ice            11%        N/A       22%         3
 Vampiric Draining        Necr           11%        2d6       22%         3
 Leda's Liquefaction      Hex/Erth       9%         N/A       36%         4
 Ice Form                 Ice/Tmut       11%        N/A       58%         4
 Summon Ice Beast         Ice/Summ       11%        N/A       58%         4
 Dispersal                Tloc           17%        N/A       82%         6
 Lee's Rapid Deconstruct  Erth           5%         3d6*      90%         5
 Statue Form              Tmut/Erth      7%         N/A       100%        6
 Ozocubu's Refrigeration  Ice            5%         4d8       100%        7


Dungeon Overview and Level Annotations

Branches:
Dungeon (13/15)            Temple (0/1) D:4            Lair (1/5) D:10
    Orc (2/2) D:11            Elf (0/3) Orc:2         Sewer (visited)
 Bailey (visited)           IceCv (1/1)
 Vaults: D:13-14

Altars:
Cheibriados
Dithmenos
Elyvilon
Gozag
Hepliaklqana
Kikubaaqudgha
Makhleb
Qazlal
Ru
Trog
Uskayaw

Shops:
D:1 !   Orc:2 *([[([

Annotations:
D:4 1 runed translucent door, CertainDeath's ghost, amateur HORe
Orc:1 3 runed translucent doors, Lahuafud's ghost, journeyman OpVM


Innate Abilities, Weirdness & Mutations

You are a tree.
Your roots penetrate the ground, keeping you stationary.
You cannot be teleported.
You are immune to unholy pain and torment.
Your maximum health is greatly increased.
Your equipment is partially melded.
((You can breathe blasts of fire.))
((Your fiery red scales are hard. (AC +8)))
You cannot fit into any form of body armour.
((Your flesh is heat resistant. (rF+)))
((You are cold-blooded and may be slowed by cold attacks.))


Message History

You hear a sizzling sound!
A yak comes into view.
The searing ray hits the frost giant!
The frost giant is heavily wounded.
The searing ray hits the frost giant but does no damage.
The frost giant is heavily wounded.
The searing ray hits the frost giant but does no damage.
The frost giant is heavily wounded.
You finish channelling your searing ray.
You block the frost giant's attack.
A yak comes into view.
Okay, then.
Casting: Searing Ray (safe; 1% risk of failure)
Confirm with . or Enter, or press ? or * to list all spells.
You erupt in a blast of force!
The mystic blast hits the frost giant!
The frost giant is severely wounded.
The frost giant is knocked back by the mystic blast.
The yak bellows!
Unknown command.
Unknown command.
Casting: Iskenderun's Mystic Blast (mildly dangerous; 1% risk of failure)
Confirm with . or Enter, or press ? or * to list all spells.
You erupt in a blast of force!
The mystic blast hits the frost giant!
The frost giant is severely wounded.
The frost giant is knocked back by the mystic blast.
Unknown command.
Aiming: Fastroot
Press: ? - help, Shift-Dir - straight line, f/p - frost giant
Aim: a frost giant, wielding a +0 battleaxe of freezing (severely wounded)
The roots erupt in riotous growth!
Roots grab the frost giant.
Roots grab the polar bear.
Roots grab the yak.
Roots grab the death yak.
The grasping roots constrict the death yak!
The grasping roots constrict the yak.
The grasping roots constrict the frost giant, but do no damage.
The grasping roots constrict the polar bear.
The frost giant casts a spell at you. The bolt of cold hits you!!!
You die...
Your body crumbles into a pile of gold. #### #... ## #...#. ###Y.. ..Y.. ## #Y..Y ...k ###hCY#### CYh

##...###).##..
#..♣##...))##
#...#.......#
#...#......##
##.......###
##..........
###.##........
#≈≈≈##########
##≈≈≈# #≈≈≈≈#


You could see a frost giant (rooted), a death yak (rooted), a polar bear
(rooted) and 3 yaks.

Vanquished Creatures
  Kirke (D:12)
  2 orc warlords
  An ettin (Orc:2)
  A boulder beetle (D:13)
  5 death yaks (IceCv)
  2 two-headed ogres
  2 orc high priests (Orc:2)
  Urug (D:10)
  Nergalle (D:12)
  Pikel (D:4)
  3 orc knights
  5 orc sorcerers
  2 cyclopes
  Maurice (D:8)
  An ice statue (IceCv)
  A kobold demonologist (Bailey)
  Maggie (D:7)
  Psyche (D:9)
  A komodo dragon (D:11)
  8 rime drakes (IceCv)
  3 polar bears (IceCv)
  8 trolls
  Prince Ribbit (D:6)
  A shadow (D:12)
  A vampire (D:9)
  3 wraiths
  A basilisk (D:12)
  6 yaks (IceCv)
  A steam dragon (D:6)
  Menkaure (D:4)
  4 wargs
  Edmund (D:5)
  3 water moccasins (D:8)
  3 acid dragons
  A black bear (D:6)
  35 orc warriors
  An ice beast (D:7)
  3 sky beasts
  6 centaurs
  12 wolves
  8 ogres
  2 lemures (D:5)
  A phantom (D:5)
  A kobold brigand (D:9)
  2 bullfrogs
  A gnoll sergeant (D:9)
  4 necrophages
  11 wights
  4 killer bees (D:9)
  2 electric eels (Bailey)
  3 howler monkeys
  2 jellies
  2 hounds
  A gnoll bouda (D:10)
  11 orc priests
  3 iguanas
  20 orc wizards
  12 gnolls
  13 adders
  7 river rats (Sewer)
  2 white imps
  5 worms
  4 dart slugs
  85 orcs
  10 bats
  8 endoplasms
  11 giant cockroaches
  15 goblins
  12 hobgoblins
  6 jackals
  9 quokkas
  7 ball pythons
  5 frilled lizards
  7 kobolds
  24 rats
  A spectral hobgoblin (D:4)
457 creatures vanquished.

Vanquished Creatures (collateral kills)
  An orc sorcerer (Orc:1)
  A goblin (Bailey)
2 creatures vanquished.

Vanquished Creatures (others)
  A troll (Orc:1)
  An orc (Bailey)
  3 fungi (D:3)
  7 plants
12 creatures vanquished.

Grand Total: 471 creatures vanquished

Notes
Turn   | Place    | Note
-------+----------+-------------------------------------------
     0 | D:1      | Lobster4 the Draconian Conjurer began the quest for the
                  | Orb.
     0 | D:1      | Reached XP level 1. HP: 14/14 MP: 3/3
   431 | D:1      | Reached XP level 2. HP: 22/22 MP: 0/5
   434 | D:1      | Learned a level 2 spell: Searing Ray
   712 | D:1      | Found Mism's Distillery.
  1006 | D:1      | Reached skill level 1 in Fighting
  1324 | D:1      | Bought a potion of degeneration for 11 gold pieces
  1350 | D:1      | Reached XP level 3. HP: 28/28 MP: 2/6
  1478 | D:2      | You fall into a shaft and drop 1 floor!
  2304 | D:2      | Reached XP level 4. HP: 36/36 MP: 5/7
  2687 | D:3      | Reached skill level 5 in Conjurations
  2783 | D:3      | Noticed a +0 spear
  2784 | D:3      | Noticed a +0 short sword
  2792 | D:3      | Noticed a +0 dagger
  2931 | D:3      | Noticed a +0 falchion
  2933 | D:3      | Noticed a +0 dagger
  2973 | D:3      | Noticed a +0 falchion
  2975 | D:3      | Noticed a +0 spear
  2977 | D:3      | Noticed a +0 short sword
  3059 | D:3      | Found a hide-covered altar of Uskayaw.
  3195 | D:3      | Reached XP level 5. HP: 42/42 MP: 7/9
  3332 | D:3      | Found a faded altar of an unknown god.
  3685 | D:4      | Found a sacrificial altar of Ru.
  3687 | D:4      | Found an opulent altar of Gozag.
  3689 | D:4      | Found a bloodstained altar of Trog.
  3689 | D:4      | Found a stormy altar of Qazlal.
  3704 | D:4      | Became a worshipper of Gozag Ym Sagoz the Greedy
  3724 | D:4      | Found a staircase to the Ecumenical Temple.
  3864 | D:4      | Noticed Menkaure
  3876 | D:4      | Killed Menkaure
  3877 | D:4      | Reached skill level 1 in Shields
  3877 | D:4      | Reached XP level 6. HP: 50/50 MP: 1/10
  3978 | D:4      | Noticed Pikel
  4009 | D:4      | Found a runed translucent door.
  4019 | D:4      | Reached skill level 1 in Throwing
  4097 | D:4      | Noticed CertainDeath's ghost (amateur HORe)
  4511 | D:4      | Found a white marble altar of Elyvilon.
  4679 | D:5      | Entered Level 5 of the Dungeon
  4782 | D:5      | Found a glowing drain.
  4821 | Sewer    | Entered a sewer
  4828 | Sewer    | Reached skill level 6 in Conjurations
  4977 | Sewer    | Learned a level 3 spell: Dazzling Flash
  5864 | Sewer    | Your scales start taking on a fiery red colour.
  5864 | Sewer    | Reached XP level 7. HP: 57/57 MP: 5/12
  5864 | Sewer    | Gained mutation: Your flesh is heat resistant. (rF+) [Red
                  | Draconian growth]
  6239 | D:1      | Bought a potion of haste for 110 gold pieces
  6239 | D:1      | Bought a potion of heal wounds for 55 gold pieces
  6239 | D:1      | Bought a potion of heal wounds for 55 gold pieces
  6389 | D:5      | Reached skill level 1 in Hexes
  6499 | D:5      | Found a snail-covered altar of Cheibriados.
  6606 | D:5      | Noticed Edmund
  7293 | D:5      | Reached skill level 7 in Conjurations
  7383 | D:5      | Reached XP level 8. HP: 64/66 MP: 8/14
  7650 | D:5      | Killed Edmund
  8412 | D:6      | Found an ancient bone altar of Kikubaaqudgha.
  8456 | D:6      | Reached skill level 5 in Fighting
  8456 | D:6      | Reached skill level 8 in Conjurations
  9148 | D:7      | Identified the +0 cloak of the Doldrums {rN+}
  9277 | D:7      | Found a burning altar of Makhleb.
  9320 | D:7      | Reached XP level 9. HP: 59/74 MP: 8/16
  9392 | D:7      | Noticed Maggie
  9411 | D:7      | Killed Maggie
  9412 | D:7      | Reached skill level 1 in Long Blades
  9412 | D:7      | Reached skill level 5 in Spellcasting
  9745 | D:7      | Noticed Prince Ribbit
  9754 | D:6      | Killed Prince Ribbit
 10449 | D:8      | Reached skill level 1 in Maces & Flails
 10524 | D:8      | Reached skill level 9 in Conjurations
 10718 | D:8      | Noticed Maurice
 10727 | D:8      | Killed Maurice
 10977 | D:8      | Reached skill level 5 in Shields
 12135 | D:4      | Killed Pikel
 12136 | D:4      | Reached XP level 10. HP: 84/84 MP: 10/18
 12377 | D:4      | Found a hazy altar of Hepliaklqana.
 12585 | D:8      | Learned a level 4 spell: Iskenderun's Mystic Blast
 12704 | D:9      | Found a flagged portal.
 12714 | Bailey   | Entered a bailey
 12930 | Bailey   | Reached skill level 10 in Conjurations
 13135 | Bailey   | Noticed an orc knight
 13143 | Bailey   | Killed an orc knight
 13144 | Bailey   | Reached skill level 1 in Translocations
 13152 | Bailey   | Reached skill level 1 in Evocations
 13952 | Bailey   | Found an iron altar of Okawaru.
 13952 | Bailey   | Noticed an orc sorcerer
 13959 | Bailey   | Noticed a rust devil
 13968 | Bailey   | Noticed an orange demon
 13968 | Bailey   | Killed an orc sorcerer
 14091 | Bailey   | Identified the +3 war axe "Uraemut" {vorpal, rC- rN++}
 15261 | D:9      | Noticed Psyche
 15268 | D:9      | Killed Psyche
 15554 | D:9      | Learned a level 4 spell: Fulminant Prism
 15587 | D:10     | Entered Level 10 of the Dungeon
 15615 | D:10     | Noticed Urug
 15898 | D:10     | Reached XP level 11. HP: 92/92 MP: 13/21
 15960 | D:10     | Reached skill level 11 in Conjurations
 16382 | D:10     | Found a staircase to the Lair.
 16578 | D:10     | Acquired a +0 pair of gloves of stealth
 16591 | D:10     | Acquired the ring of Sothriuv {+Blink Fly rElec rF+ Str-3}
 16799 | D:10     | Killed Urug
 16861 | D:11     | Found a staircase to the Orcish Mines.
 17072 | D:11     | Noticed a two-headed ogre
 17085 | D:11     | Killed a two-headed ogre
 17630 | Orc:1    | Entered Level 1 of the Orcish Mines
 17713 | Orc:1    | Noticed an orc knight
 17906 | D:12     | Found the +2 ratskin cloak {*Rats rPois rN+ Str-1 Int-1
                  | Dex+1}
 17953 | D:12     | Noticed Nergalle
 18657 | D:12     | Acquired 1156 gold pieces
 18846 | D:12     | Noticed Kirke
 18868 | D:12     | Killed Kirke
 19087 | D:12     | Noticed a spectral orc warlord
 19174 | D:12     | Killed Nergalle
 19175 | D:12     | Reached skill level 12 in Conjurations
 19303 | D:13     | Found a shadowy altar of Dithmenos.
 19336 | D:13     | Noticed a boulder beetle
 19350 | D:13     | Killed a boulder beetle
 19557 | D:13     | Noticed a cyan ugly thing
 19848 | D:13     | Reached skill level 5 in Translocations
 20169 | D:13     | Noticed a green ugly thing
 20592 | D:11     | Killed an orc knight
 21132 | Orc:1    | Found a runed translucent gate.
 21132 | Orc:1    | Found a runed translucent gate.
 21132 | Orc:1    | Found a runed translucent gate.
 21152 | Orc:1    | Noticed an orc sorcerer
 21265 | Orc:1    | Noticed an orc sorcerer
 21275 | Orc:1    | Killed an orc sorcerer
 21276 | Orc:1    | Reached XP level 12. HP: 103/103 MP: 23/23
 21291 | Orc:1    | Noticed an orc warlord
 21349 | D:11     | Killed an orc warlord
 21350 | D:11     | Reached skill level 5 in Evocations
 21972 | Orc:1    | Noticed Lahuafud's ghost (journeyman OpVM)
 22010 | Orc:2    | Entered Level 2 of the Orcish Mines
 22164 | Orc:1    | Noticed a two-headed ogre
 22292 | Orc:2    | Found Setodghe's Assorted Antiques.
 22579 | Orc:2    | Found Elahu's Antique Weapon Shoppe.
 22581 | Orc:2    | Bought a scroll of identify for 62 gold pieces
 22621 | Orc:2    | Bought a dazzling flail for 238 gold pieces
 22621 | Orc:2    | Identified the +8 flail of the Loving Sybil {antimagic,
                  | rElec rF- Will+ Str+5} (You bought it in a shop on level 2
                  | of the Orcish Mines)
 22645 | Orc:2    | Noticed an ettin
 22660 | Orc:2    | Killed an ettin
 22776 | Orc:2    | Reached skill level 13 in Conjurations
 23094 | Orc:2    | Found Wonef's Armour Shoppe.
 23451 | Orc:2    | Found Rasucruu's Antique Armour Shoppe.
 23456 | Orc:2    | Bought a pair of embroidered gloves for 210 gold pieces
 23572 | Orc:2    | Noticed an orc warlord
 23729 | Orc:2    | Noticed an orc high priest
 24092 | Orc:1    | Killed an orc warlord
 24487 | Orc:2    | Found a staircase to the Elven Halls.
 25202 | Orc:2    | Killed an orc high priest
 25209 | Orc:2    | Reached skill level 10 in Fighting
 25267 | Orc:2    | Noticed an orc high priest
 25341 | Orc:2    | Killed an orc high priest
 25485 | Orc:2    | Found Lacuacs's Antique Armour Shoppe.
 25487 | Orc:2    | Found Vuemik's Antique Weapon Emporium.
 25776 | Orc:2    | Bought a faintly glowing broad axe for 306 gold pieces
 25776 | Orc:2    | Identified the +6 broad axe "Valoj" {vorpal, Str+2 Int+4
                  | SInv} (You bought it in a shop on level 2 of the Orcish
                  | Mines)
 25986 | Orc:2    | Killed a two-headed ogre
 26433 | Lair:1   | Entered Level 1 of the Lair of Beasts
 26483 | Lair:1   | Found a frozen archway.
 26612 | IceCv    | Entered an ice cave
 26624 | IceCv    | Reached skill level 1 in Axes
 26624 | IceCv    | Reached XP level 13. HP: 113/113 MP: 8/25
 26752 | IceCv    | Reached skill level 1 in Fire Magic
 26824 | IceCv    | Reached skill level 14 in Conjurations
 28191 | IceCv    | Noticed a frost giant
 28551 | IceCv    | Killed from afar by a frost giant

Illustrated notes

Levels and vault maps discovered:
D:1:      lightli_arrival_windingriver, layout_basic, serial_shops,
          nicolae_lakefront_shop
D:2:      layout_rooms, minivault_23
D:3:      layout_loops_ring, nicolae_uskayaw_en_pointe,
          shapermc_ecumenical_altar_mp_ritualfount
D:4:      layout_rooms, grunt_temple_overflow_open,
          nicolae_hepliaklqana_monster_ancestors, mainiacjoe_overflow_24_doors,
          minmay_temple_entry_statues_fountains, ebering_ghost_reflecting_pool,
          minmay_rat_hole, uniq_menkaure, uniq_pikel
D:5:      minmay_diamond_boxcup, layout_gridville,
          mainiacjoe_overflow_small_starburst, portal_sewer_entry_d, uniq_edmund
D:6:      layout_basic, kennysheep_mini
D:7:      layout_loops_ring, lightli_temple_of_fire, uniq_maggie,
          uniq_prince_ribbit1
D:8:      layout_layer_cave, uniq_maurice
D:9:      layout_roguey, enter_bailey_8, uniq_psyche
D:10:     layout_loops_ring, lair_entry_dummy, uniq_urug
D:11:     layout_roguey, orc_0_dummy
D:12:     layout_roguey, uniq_nergalle, uniq_kirke
D:13:     layout_gridville, nicolae_dithmenos_the_darkroom
Lair:1:   beast_lair_carwin_large_4, layout_loops_ring, gauntlet_entry_generic,
          portal_ice_cave_entry_pillars_1, uniq_amaemon
Orc:1:    layout_caves, gammafunk_ghost_necromancy
Orc:2:    grunt_orc_community_town_hall, layout_diamond_mine,
          grunt_orc_community_big_house_1, grunt_orc_community_big_house_2,
          grunt_orc_community_house_2, grunt_orc_community_house_1,
          grunt_orc_community_house_1, grunt_orc_community_house_3,
          grunt_orc_community_house_1, grunt_orc_community_house_2,
          serial_shops, shop, nicolae_shop_advertising_works
          [nicolae_subvault_shop_adworks]
IceCv:    ice_cave_small_giant

Skill      XL: |  1  2  3  4  5  6  7  8  9 10 11 12 13 |
---------------+----------------------------------------+-----
Stealth        | 2 3 |  3.6
Dodging        | 2 3 4 |  4.1
Fighting       | 1 2 3 4 5 6 7 8 10 | 10.0
Conjurations   | 5 6 7 8 9 10 12 13 14 | 14.3
Shields        | 1 2 4 5 |  5.0
Spellcasting   | 3 4 5 6 7 8 9 |  9.2
Throwing       | 1 |  1.0
Hexes          | 2 3 |  3.0
Long Blades    | 2 |  2.0
Maces & Flails | 2 |  2.0
Translocations | 3 5 |  5.0
Evocations     | 2 4 6 7 |  7.3
Axes           | 1 2 |  2.6
Fire Magic     | 2 |  2.8

Action                   |  1- 3 |  4- 6 |  7- 9 | 10-12 | 13-15 || total
-------------------------+-------+-------+-------+-------+-------++-------
Melee: Club              |    20 |       |       |       |       ||    20
       Tailslap          |     2 |       |     7 |    28 |     9 ||    46
       Falchion          |       |    12 |    25 |       |       ||    37
       Morningstar       |       |       |     3 |       |       ||     3
       Whip              |       |       |       |   136 |       ||   136
       Flail             |       |       |       |     1 |       ||     1
       Broad axe         |       |       |       |    24 |    86 ||   110
Throw: Dart              |       |       |       |    20 |       ||    20
 Cast: Magic Dart        |    75 |   133 |    76 |   186 |    22 ||   492
       Searing Ray       |     5 |    26 |    59 |   220 |    27 ||   337
       Dazzling Flash    |       |       |     2 |     7 |       ||     9
       Iskenderun's Myst |       |       |       |    14 |     5 ||    19
 Abil: Breathe Fire      |       |       |     4 |    14 |     4 ||    22
Evoke: Wand              |       |       |       |    18 |     3 ||    21
  Use: Scroll            |     1 |     5 |     5 |    23 |     1 ||    35
       Potion            |       |     1 |       |     1 |     3 ||     5
 Stab: Distracted        |       |       |       |       |     1 ||     1
Armor: Skin              |     9 |     6 |    84 |   231 |    61 ||   391
Dodge: Dodged            |    31 |    36 |    92 |   366 |    76 ||   601
Block: Buckler           |       |       |     9 |   134 |    28 ||   171

Table legend: (Time is in decaauts)
 A = Elapsed time spent in this place.
 B = Non-inter-level travel time spent in this place.
 C = Inter-level travel time spent in this place.
 D = Time resting spent in this place.
 E = Time spent auto-exploring this place.
 F = Levels seen in this place.
 G = Mean time per level.
                   A        B        C        D        E       F      G
               +--------+--------+--------+--------+--------+-----+--------+
         Total |  28936 |  27575 |   1361 |   6775 |  15664 |  19 | 1522.9 |
       Dungeon |  18353 |  17227 |   1126 |   2741 |  12023 |  13 | 1411.8 |
          Lair |    188 |    188 |      0 |    113 |      0 |   1 |  188.0 |
  Orcish Mines |   5292 |   5057 |    235 |   1555 |   2255 |   2 | 2646.0 |
         Sewer |   1528 |   1528 |      0 |    388 |    961 |   1 | 1528.0 |
        Bailey |   1586 |   1586 |      0 |    849 |    232 |   1 | 1586.0 |
      Ice Cave |   1986 |   1986 |      0 |   1129 |    192 |   1 | 1986.0 |
               +--------+--------+--------+--------+--------+-----+--------+

Top non-repeatable levels by time:
   Orc:2: 3213 daAuts
   Orc:1: 2079 daAuts
     D:5: 2065 daAuts
    D:11: 2009 daAuts
   IceCv: 1986 daAuts
     D:8: 1611 daAuts
  Bailey: 1586 daAuts
     D:4: 1532 daAuts
   Sewer: 1528 daAuts
     D:1: 1485 daAuts
     D:9: 1433 daAuts
    D:12: 1428 daAuts
     D:6: 1316 daAuts
    D:10: 1293 daAuts
     D:3: 1189 daAuts
